AoeStats
← RedPhosphoru

Arabian Desert

509483092Analyzed
1v1 RM · 6d ago on Sep 26, 2026· 19m 9s· 2 players
Game mode
Random Map
Map size
Tiny (2 player)
Population
200
Speed
Normal
Resources
Standard
Victory
Conquest
Starting age
Dark Age
Ending age
Imperial Age
RankedLock teamsTeams togetherTeam positionsShared explorationLock speedFull tech treeHidden civsTurbo modeCheats
Victory
Defeat
🇦🇷 Mongols · Argentina
2423
+17
🇺🇸 Muisca · United States
2443
-17
DS_Biry
9:51 Feudal Age
9:48 Loom
9:55 Man-at-Arms
10:21 Double-Bit Axe
11:03 Arson
14:14 Fletching
19:39 Castle Age
19:47 Padded Archer Armor
RedPhosphoru
7:12 Loom
10:27 Feudal Age
14:48 Castle Age
Connection lost

Rejoining the realm…

Still unreachable

The connection could not be restored.

Session expired

The server has moved on; the page needs a fresh start.